 Dungeon Crawl Stone Soup version 0.29-a0-80-g3050e97935 (webtiles) character file.

Game seed: 11588179447364292844

1472 nbfv the Covert (level 8, -8/35 (36) HPs)
             Began as a Spriggan Enchanter on Feb 4, 2022.
             Was a Believer of Dithmenos.
             Mangled by a yak (15 damage)
             ... on level 6 of the Dungeon.
             The game lasted 00:19:17 (8744 turns).

nbfv the Covert (Spriggan Enchanter)                Turns: 8744, Time: 00:19:18

HP:   -8/35 (36)    AC:  3    Str:  6    XL:     8   Next: 49%
MP:   21/21         EV: 17    Int: 17    God:    Dithmenos [**....]
Gold: 776           SH:  0    Dex: 17    Spells: 12/23 levels left

rFire   . . .      SeeInvis +   k - +4 dagger
rCold   . . .      Faith    .   (no shield)
rNeg    . . .      Spirit   .   b - +1 robe
rPois   .          Reflect  .   (helmet restricted)
rElec   .          Harm     .   (no cloak)
rCorr   .          Rampage  .   (gloves unavailable)
Will    +....                   (boots unavailable)
Stlth   +++++.....              (no amulet)
HPRegen 0.11/turn               (no ring)
MPRegen 0.17/turn               (no ring)

@: lethally poisoned (-8 -> -10), wreathed by umbra, lightly drained, unable to
read, very quick
A: very small, no large weapons, unfitting armour, see invisible, speed 3, agile
1, inability to read while threatened
a: Renounce Religion, Shadow Step


You were on level 6 of the Dungeon.
You worshipped Dithmenos.
Dithmenos was pleased with you.
You visited 2 branches of the dungeon, and saw 7 of its levels.
You also visited: Sewer.

You collected 831 gold pieces.
You spent 55 gold pieces at shops.

Inventory:

Hand Weapons
 a - a +1 dagger
 k - a +4 dagger (weapon)
 n - a +2 short sword of venom
Missiles
 j - 2 throwing nets (quivered)
Armour
 b - a +1 robe (worn)
Jewellery
 i - a ring of ice
Wands
 l - a wand of charming (7)
Scrolls
 c - 2 scrolls of magic mapping
 d - 5 scrolls of teleportation
 e - a scroll of immolation
 h - 5 scrolls of identify
Potions
 f - a potion of curing
 g - 2 potions of magic
 m - 2 potions of brilliance
 o - 3 potions of heal wounds


   Skills:
 - Level 1.1 Short Blades
 - Level 2.6 Dodging
 + Level 9.4 Stealth
 + Level 8.2 Spellcasting
 + Level 8.5 Hexes


You had 12 spell levels left.
You knew the following spells:

 Your Spells              Type           Power      Damage    Failure   Level
a - Ensorcelled Hibernat  Hex/Ice        42%        N/A       2%          2
b - Tukima's Dance        Hex            36%        N/A       1%          3
c - Dazzling Flash        Conj/Hex       42%        N/A       5%          3
d - Confusing Touch       Hex            36%        N/A       1%          3

Your spell library contained the following spells:

 Spells                   Type           Power      Damage    Failure   Level
 Ozocubu's Armour         Ice            6%         N/A       30%         3
 Summon Mana Viper        Hex/Summ       21%        N/A       43%         5
 Summon Forest            Summ/Tloc      3%         N/A       96%         5
 Summon Cactus Giant      Summ           3%         N/A       100%        6
 Ozocubu's Refrigeration  Ice            3%         4d5       100%        7


Dungeon Overview and Level Annotations

Branches:
Dungeon (6/15)             Temple (1/1) D:5           Sewer (visited)

Altars:
Ashenzari
Dithmenos
Fedhas
Gozag
Makhleb
Nemelex Xobeh
Okawaru
Qazlal
Sif Muna
Uskayaw
Yredelemnul
Zin
The Shining One

Shops:
D:2 ?[(?=


Innate Abilities, Weirdness & Mutations

You are very small and have problems with some larger weapons.
You are too small for most types of armour.
You have supernaturally acute eyesight. (SInv)
You cover ground extremely quickly. (Speed+++)
You are agile. (Dex +2)
You sometimes lose the ability to read scrolls when taking damage.


Message History

A centaur skeleton comes into view.
You can read scrolls again.
There is a stone staircase leading up here.
The wight barely misses you.
You climb upwards.
There is a stone staircase leading down here.
Casting: Tukima's Dance (safe; 1% risk of failure)
Confirm with . or Enter, or press ? or * to list all spells.
Your hands begin to glow red.
The wight completely misses you.
You hit the wight but do no damage.
The wight appears confused.
The wight is severely damaged.
The wight misses you.
You catch the helpless wight completely off-guard!
You puncture the wight!
You destroy the wight!
Dithmenos accepts your kill.
No target in view!
No target in view!
No target in view!
No target in view!
You start resting.
HP restored.
You start resting.
Magic restored.
There is a stone staircase leading down here.
You climb downwards.
The adder bites you.
You are poisoned.
The adder poisons you! The wight completely misses you.
The yak barely misses you. The yak closely misses you.
The adder closely misses you. The yak gores you but does no damage.
The yak gores you! The wight misses you.
There is a stone staircase leading up here.
Unknown command.
You feel sick. The adder bites you. The yak closely misses you. x2
The yak gores you!
You feel threatened and lose the ability to read scrolls!
The yak gores you.
* * * LOW HITPOINT WARNING * * *
The adder completely misses you. The yak gores you!
You die...

+......# #......+ #......#
####......###+##
#####.#..............#
#.....#....Z.........#
#.....#...zSY........#
#.....#...Y@YY.......#
#.....#..[.YY........#
#.....#....z.z.......+
#.....#............$.#######
#<..[.#.....................
######'##........)...)........
................########)......
................# #.......
................# #.......


You could see 6 yaks, 3 wights, an adder and a centaur skeleton.

Vanquished Creatures
  Eustachio (D:4)
  An orc warrior (D:5)
  2 ogres
  3 necrophages
  A phantom (D:5)
  2 scorpions
  A water moccasin zombie (D:5)
  A wight (D:5)
  A howler monkey (D:5)
  A hound (D:5)
  An iguana (D:5)
  Ijyb (D:3)
  A hound zombie (D:5)
  A hound skeleton (D:4)
  Robin (D:3)
  7 gnolls
  8 adders
  A white imp (D:4)
  5 worms
  5 orcs
  11 bats
  7 endoplasms
  6 giant cockroaches
  20 goblins
  11 hobgoblins
  10 jackals
  5 quokkas
  9 ball pythons
  9 frilled lizards
  11 kobolds
  7 rats
151 creatures vanquished.

Vanquished Creatures (collateral kills)
  Blork the orc (D:4)
  2 orcs (D:4)
3 creatures vanquished.

Vanquished Creatures (others)
  3 dancing weapons (D:6)
3 creatures vanquished.

Grand Total: 157 creatures vanquished

Notes
Turn   | Place    | Note
-------+----------+-------------------------------------------
     0 | D:1      | nbfv the Spriggan Enchanter began the quest for the Orb.
     0 | D:1      | Reached XP level 1. HP: 9/9 MP: 5/5
   227 | D:1      | Found a faded altar of an unknown god.
   413 | D:1      | Reached XP level 2. HP: 11/13 MP: 7/7
   416 | D:1      | Learned a level 2 spell: Ensorcelled Hibernation
   927 | D:1      | Reached XP level 3. HP: 8/16 MP: 6/9
   931 | D:1      | Learned a level 3 spell: Tukima's Dance
   935 | D:1      | Learned a level 3 spell: Dazzling Flash
  2444 | D:2      | Found Taif's Magic Scroll Shop.
  2452 | D:2      | Reached XP level 4. HP: 21/21 MP: 11/11
  2456 | D:2      | Learned a level 3 spell: Confusing Touch
  2467 | D:2      | Bought a scroll of identify for 20 gold pieces
  2467 | D:2      | Bought a scroll of magic mapping for 35 gold pieces
  2726 | D:2      | Found Ynweim's Antique Armour Boutique.
  2733 | D:2      | Reached skill level 5 in Hexes
  2809 | D:2      | Found Ymaefimo's Magic Scroll Shoppe.
  3127 | D:2      | Found Liarhaewon's Weapon Boutique.
  3429 | D:2      | Found Navuus's Jewellery Shop.
  3682 | D:3      | Identified a scroll of acquirement
  3682 | D:3      | Acquired 608 gold pieces
  4160 | D:3      | Noticed Robin
  4294 | D:3      | Killed Robin
  4560 | D:3      | Reached skill level 5 in Spellcasting
  4560 | D:3      | Reached XP level 5. HP: 24/24 MP: 9/13
  4663 | D:3      | Noticed Ijyb
  4685 | D:3      | Killed Ijyb
  4833 | D:3      | You fall into a shaft and drop 2 floors!
  4833 | D:5      | Entered Level 5 of the Dungeon
  4846 | D:5      | Found a staircase to the Ecumenical Temple.
  4857 | Temple   | Entered the Ecumenical Temple
  4909 | Temple   | Became a worshipper of Dithmenos the Shadowed
  4961 | D:5      | Noticed a phantom
  5025 | D:5      | Found a glowing drain.
  5067 | Sewer    | Entered a sewer
  5264 | Sewer    | Gained mutation: You sometimes lose the ability to read
                  | scrolls when taking damage. [potion of mutation]
  5264 | Sewer    | Gained mutation: You are agile. (Dex +2) [potion of
                  | mutation]
  5554 | D:5      | Noticed a necrophage
  5554 | D:5      | Noticed an orc warrior
  5562 | D:5      | Reached skill level 5 in Stealth
  5697 | D:5      | Reached XP level 6. HP: 19/28 MP: 6/15
  5938 | D:4      | Found a hide-covered altar of Uskayaw.
  5953 | D:4      | Reached * piety under Dithmenos
  6655 | D:3      | Found a basalt altar of Yredelemnul.
  6687 | D:3      | Found a blossoming altar of Fedhas.
  6797 | D:3      | Reached skill level 6 in Stealth
  7115 | D:4      | Noticed Eustachio
  7167 | D:4      | Killed Eustachio
  7168 | D:4      | Reached skill level 7 in Stealth
  7168 | D:4      | Reached XP level 7. HP: 27/32 MP: 10/17
  7515 | D:4      | Noticed Blork the orc
  7523 | D:4      | Killed Blork the orc
  7906 | D:5      | Reached skill level 8 in Stealth
  7935 | D:5      | Reached XP level 8. HP: 30/36 MP: 14/20
  8194 | D:5      | Reached ** piety under Dithmenos
  8356 | D:5      | Reached skill level 9 in Stealth
  8744 | D:6      | Mangled by a yak

Illustrated notes

Levels and vault maps discovered:
D:1:      denvon_arrival_hothouse, layout_loops_ring,
          hellmonk_ecumenical_altar_pennies_from_heaven, minmay_octomino_c4
D:2:      layout_loops_ring, serial_shops, shop_statue,
          nicolae_shop_behind_doors, nicolae_shop_crystal,
          nicolae_shop_behind_doors, shop
D:3:      layout_basic, mainiacjoe_overflow_two_lobes, minmay_door_square,
          serial_bayou_pond_d, hangedman_decor_growths,
          kennysheep_generic_room_12, uniq_robin, uniq_ijyb
D:4:      layout_basic, eat_drink_and_be_merry_uskayaw,
          hangedman_abyss_or_decor_stagger, minmay_misc_feat_alley,
          nrook_loot_triangle, kennysheep_decorative_pillar, uniq_eustachio,
          uniq_blork_the_orc
D:5:      cheibrodos_barr_body, layout_basic, minmay_temple_entry_glass,
          cheibrodos_sewer_entry_bend, nrook_mini_backslash
D:6:      layout_gridville, nicolae_wu_jian_glorious_leap,
          general_overflow_altar
Temple:   zaba_magenta_temple

Skill      XL: |  1  2  3  4  5  6  7  8 |
---------------+-------------------------+-----
Spellcasting   | 3 4 5 6 7 8 |  8.2
Hexes          | 4 5 6 7 8 |  8.5
Stealth        | 5 7 8 9 |  9.4
Short Blades   | |  1.1
Dodging        | |  2.6

Action                   |  1- 3 |  4- 6 |  7- 9 || total
-------------------------+-------+-------+-------++-------
Melee: Dagger            |   203 |   255 |    60 ||   518
       Punch             |     2 |     1 |       ||     3
 Cast: Ensorcelled Hiber |    17 |    49 |    14 ||    80
       Confusing Touch   |       |     2 |     5 ||     7
       Tukima's Dance    |       |     3 |     9 ||    12
  Use: Potion            |     1 |     5 |       ||     6
       Scroll            |       |    16 |     3 ||    19
 Stab: Sleeping          |    20 |    46 |    15 ||    81
       Confused          |       |     2 |     7 ||     9
Armor: Robe              |    23 |    16 |     3 ||    42
Dodge: Dodged            |   189 |   186 |    63 ||   438

Table legend: (Time is in decaauts)
 A = Elapsed time spent in this place.
 B = Non-inter-level travel time spent in this place.
 C = Inter-level travel time spent in this place.
 D = Time resting spent in this place.
 E = Time spent auto-exploring this place.
 F = Levels seen in this place.
 G = Mean time per level.
                   A        B        C        D        E       F      G
               +--------+--------+--------+--------+--------+-----+--------+
         Total |   7117 |   7029 |     88 |   1736 |   3738 |   8 |  889.6 |
       Dungeon |   6881 |   6801 |     80 |   1616 |   3710 |   6 | 1146.8 |
        Temple |     40 |     32 |      8 |      0 |     24 |   1 |   40.0 |
         Sewer |    195 |    195 |      0 |    120 |      3 |   1 |  195.0 |
               +--------+--------+--------+--------+--------+-----+--------+

Top non-repeatable levels by time:
     D:1: 1869 daAuts
     D:2: 1440 daAuts
     D:3: 1348 daAuts
     D:5: 1342 daAuts
     D:4: 842 daAuts
   Sewer: 195 daAuts
  Temple: 40 daAuts
     D:6: 37 daAuts
